 Dungeon Crawl Stone Soup version 0.31-a0-1036-g31867e143a (webtiles) character file.

Game seed: 12023748446970575237

49 Azuregosa the Covert (level 3, -2/25 (26) HPs)
             Began as an Octopode Delver on Nov 19, 2023.
             Slain by Crazy Yiuf
             ... wielding a +4 quarterstaff of chaos
              (10 damage)
             ... on level 2 of the Dungeon.
             The game lasted 00:05:02 (1449 turns).

Azuregosa the Covert (Octopode Delver)              Turns: 1449, Time: 00:05:02

HP:   -2/25 (26)    AC:  1    Str: 11    XL:     3   Next: 75%
MP:   0/4           EV: 13    Int: 14    God:
Gold: 130           SH:  0    Dex: 13    Spells: 4/4 levels left

rFire   . . .        a - +0 spear
rCold   . . .        (no shield)
rNeg    + . .        (helmet restricted)
rPois   .            l - amulet of guardian spirit
rElec   .            r - ring of positive energy
rCorr   .            (no ring)
SInv    .            (no ring)
Will    .....        (no ring)
Stlth   +++++        (no ring)
HPRegen 0.24/turn    (no ring)
MPRegen 0.09/turn    (no ring)
                     (no ring)

%: guardian spirit
@: lightly drained
A: almost no armour, amphibious, 8 rings, camouflage 1, gelatinous body 1,
(nimble swimmer 1), tentacles
a: no special abilities


You were on level 2 of the Dungeon.
You visited 1 branch of the dungeon, and saw 5 of its levels.

You collected 130 gold pieces.

Inventory:

Hand Weapons
 a - a +0 spear (weapon)
Missiles
 c - 7 poisoned darts
 g - 36 stones
Magical Staves
 q - a staff of poison
Jewellery
 l - an amulet of guardian spirit (around mantle)
 r - a ring of positive energy (left tentacle)
Wands
 f - a wand of digging (2)
Scrolls
 b - a scroll of fog
 d - a scroll of fear
 h - 2 scrolls of enchant weapon {unknown}
 i - a scroll of blinking {unknown}
 j - 3 scrolls of teleportation {unknown}
 k - 2 scrolls of identify {unknown}
 m - a scroll of enchant armour {unknown}
Potions
 e - a potion of haste
 n - 3 potions of degeneration {unknown}
 o - a potion of resistance {unknown}
 p - a potion of enlightenment {unknown}


   Skills:
 - Level 3.0 Fighting
 - Level 2.0 Polearms
 - Level 2.0 Dodging
 - Level 8.0 Stealth
 + Level 1.2 Spellcasting


You had 4 spell levels left.
You didn't know any spells.
Your spell library was empty.

Dungeon Overview and Level Annotations

Branches:
Dungeon (5/15)
 Temple: D:4-7

Altars:

Annotations:
D:2 Crazy Yiuf, Jessica
D:5 Edmund


Innate Abilities, Weirdness & Mutations

You cannot wear most types of armour.
You are amphibious.
You can wear up to eight rings at the same time.
Your skin changes colour to match your surroundings (Stealth+).
Your rubbery body absorbs attacks. (AC +1, EV +1)
((You are camouflaged when in or above water. (Stealth+)))
You have tentacles for arms and can constrict up to eight enemies at once.


Message History

You reach to attack!
You hit the bat.
You kill the bat!
You see here a bat corpse.
A goblin comes into view. It is wielding a +0 club.
Reach: a) +0 spear
Press: ? - help, Dir - move target, f - goblin
Aim: a goblin, wielding a +0 club (asleep, about 2% to evade your +0 spear)
You reach to attack!
The helpless goblin fails to defend itself.
You hit the goblin.
The goblin is heavily wounded.
You hit the goblin.
You kill the goblin!
You see here a +0 club.
Found a hammer.
Found a runed translucent door.
You open the door.
There is an open translucent door here.
Reach: a) +0 spear
Press: ? - help, Dir - move target, f - Crazy Yiuf
Aim: Crazy Yiuf, wielding a +4 quarterstaff of chaos and wearing a +0 cloak (asleep, about 2% to evade your +0 spear)
You reach to attack!
The helpless Crazy Yiuf fails to defend himself.
You hit Crazy Yiuf.
Crazy Yiuf is lightly wounded.
You hit Crazy Yiuf but do no damage. Your grab misses Crazy Yiuf.
Crazy Yiuf is lightly wounded.
Crazy Yiuf hits you with a +4 quarterstaff of chaos!
You hit Crazy Yiuf. Your grab misses Crazy Yiuf.
Crazy Yiuf is moderately wounded.
Crazy Yiuf screams, "Island!
Flower horse bag."
Crazy Yiuf closely misses you.
You hit Crazy Yiuf. Your grab misses Crazy Yiuf.
Crazy Yiuf is moderately wounded.
Crazy Yiuf hits you with a +4 quarterstaff of chaos!
You partially resist.
You feel drained.
You hit Crazy Yiuf. You grab Crazy Yiuf. You squeeze Crazy Yiuf.
Crazy Yiuf is severely wounded.
You constrict Crazy Yiuf.
Crazy Yiuf hits you with a +4 quarterstaff of chaos!
You die...

.##.....#
.##.....#
.##.....#
.######## .#
.# ##### .#
#..)# .##
#.g.# ..#
#.@.#
#.#######
##'##
........#
♣♣.♣
........#
♣.♣♣
).......#
♣♣.♣
........#
♣.♣♣
#####...####
♣♣.♣♣
#.....#.#..#
♣.P.♣♣
#..........#
♣....♣


You could see Crazy Yiuf.

Vanquished Creatures
  An adder (D:3)
  4 ball pythons
  6 endoplasms
  2 giant cockroaches
  6 goblins
  3 hobgoblins
  A jackal (D:3)
  3 kobolds
  5 bats
  2 frilled lizards (D:1)
  2 rats (D:1)
35 creatures vanquished.

Notes
Turn   | Place    | Note
-------+----------+-------------------------------------------
     0 | D:5      | Azuregosa the Octopode Delver began the quest for the Orb.
     0 | D:5      | Reached XP level 1. HP: 16/16 MP: 1/1
    23 | D:5      | Noticed Edmund
    46 | D:5      | Noticed a gnoll sergeant
    56 | D:5      | Noticed a hound
   281 | D:3      | Reached skill level 7 in Stealth
   285 | D:3      | Reached XP level 2. HP: 4/21 MP: 2/2
   288 | D:3      | HP: 1/21 [poisoned by an adder]
   452 | D:2      | Reached XP level 3. HP: 8/26 MP: 3/3
   803 | D:1      | Reached skill level 8 in Stealth
   960 | D:1      | Found a faded altar of an unknown god.
  1179 | D:1      | Reached skill level 1 in Spellcasting
  1349 | D:2      | Noticed Jessica
  1438 | D:2      | Found a runed translucent door.
  1439 | D:2      | Noticed Crazy Yiuf
  1449 | D:2      | Slain by Crazy Yiuf

Illustrated notes

Levels and vault maps discovered:
D:1:      ldierk_walled_garden, layout_loops_cross,
          ebering_ecumenical_altar_rust
D:2:      layout_basic, uniq_jessica, uniq_crazy_yiuf_cottage
D:3:      layout_basic, nicolae_concentric_dashed_squares_wild, st_stairs_11
D:4:      layout_basic, corner_web_ring
D:5:      layout_basic, uniq_edmund

Skill      XL: |  1  2  3 |
---------------+----------+-----
Stealth        | 7 8 |  8.0
Spellcasting   | 1 |  1.2
Fighting       | |  3.0
Polearms       | |  2.0
Dodging        | |  2.0

Action                     || total
---------------------------++-------
  Melee: Spear             ||    82
         Constrict         ||    19
         Tentacles         ||    12
         Punch             ||     2
  Evoke: Wand              ||     1
    Use: Scroll            ||     1
   Stab: Sleeping          ||    15
 Armour: Skin              ||    51
  Dodge: Dodged            ||    63

Table legend: (Time is in decaauts)
 A = Elapsed time spent in this place.
 B = Non-inter-level travel time spent in this place.
 C = Inter-level travel time spent in this place.
 D = Time resting spent in this place.
 E = Time spent auto-exploring this place.
 F = Levels seen in this place.
 G = Mean time per level.
                   A        B        C        D        E       F      G
               +--------+--------+--------+--------+--------+-----+--------+
         Total |   1448 |   1420 |     28 |    215 |    644 |   5 |  289.6 |
       Dungeon |   1448 |   1420 |     28 |    215 |    644 |   5 |  289.6 |
               +--------+--------+--------+--------+--------+-----+--------+

Top non-repeatable levels by time:
     D:1: 782 daAuts
     D:2: 286 daAuts
     D:3: 201 daAuts
     D:5: 104 daAuts
     D:4: 73 daAuts
